 Dungeon Crawl Stone Soup version 0.29.0-5-ge4962eb29e (webtiles) character file.

Game seed: 13358664147783230920

150 Goaboa the Grave Robber (level 5, -10/38 HPs)
             Began as a Demonspawn Necromancer on Aug 29, 2022.
             Was a Follower of Makhleb.
             Mangled by an ice beast (11 damage)
             ... on level 5 of the Dungeon.
             The game lasted 00:21:06 (3807 turns).

Goaboa the Grave Robber (Demonspawn Necromancer)    Turns: 3807, Time: 00:21:08

Health: -10/38     AC:  7    Str:  8      XL:     5   Next: 10%
Magic:  7/9        EV: 12    Int: 19      God:    Makhleb [*.....]
Gold:   94         SH:  0    Dex: 11 (13) Spells: 1/9 levels left

rFire   . . .      SeeInvis .   d - +0 dagger
rCold   . . .      Faith    .   (no shield)
rNeg    . . .      Spirit   .   a - +0 robe
rPois   .          Reflect  .   (helmet restricted)
rElec   .          Harm     .   (no cloak)
rCorr   .          Rampage  .   l - +0 pair of gloves
Will    .....                   m - +1 pair of boots
Stlth   ++........              (no amulet)
HPRegen 0.12/turn               (no ring)
MPRegen 0.11/turn               (no ring)

@: attractive, hasted, very quick
A: horns 1, molten scales 1, powered by pain 1
a: Renounce Religion


You were on level 5 of the Dungeon.
You worshipped Makhleb.
Makhleb was aware of your devotion.
You visited 1 branch of the dungeon, and saw 5 of its levels.

You collected 94 gold pieces.

Inventory:

Hand Weapons
 d - a +0 dagger (weapon)
Missiles
 i - 16 poisoned darts (quivered)
 j - a throwing net
Armour
 a - a +0 robe (worn)
 l - a +0 pair of gloves (worn)
 m - a +1 pair of boots (worn)
 q - a +0 leather armour
Wands
 f - a wand of acid (10)
Scrolls
 b - 2 scrolls of amnesia
 h - a scroll of identify
 r - a scroll of acquirement
Potions
 c - 2 potions of curing
 k - a potion of attraction
 p - a potion of cancellation {unknown}


   Skills:
 + Level 2.1 Fighting
 + Level 2.8 Dodging
 - Level 1.7 Stealth
 + Level 2.8 Spellcasting
 * Level 5.3 Necromancy


You had one spell level left.
You knew the following spells:

 Your Spells              Type           Power      Damage    Failure   Level
a - Necrotise             Necr           88%        1d8       1%          1
b - Vampiric Draining     Necr           22%        2d7       5%          3
c - Animate Dead          Necr           22%        N/A       17%         4

Your spell library contained the following spells:

 Spells                   Type           Power      Damage    Failure   Level
 Agony                    Necr           22%        N/A       43%         5


Dungeon Overview and Level Annotations

Branches:
Dungeon (5/15)
 Temple: D:4-7

Altars:
Makhleb

Annotations:
D:5 Eustachio, Grinder


Innate Abilities, Weirdness & Mutations

You have a pair of small horns on your head.
You are partially covered in molten scales. (AC +2)
You sometimes gain a little power by taking damage.


Message History

You hear a loud clanging noise!
It was a scroll of noise.
You hear an angry hiss. x2
The quasit barely misses you.
The quasit claws you but does no damage.
The quasit closely misses you. The quasit bites you.
You feel clumsy.
The quasit barely misses you. x2; The ice beast hits you.
The ice beast freezes you!
* * * LOW HITPOINT WARNING * * *
As you read the scroll labelled ATEGOPRIFA, it crumbles to dust.
You feel aware of your surroundings.
It was a scroll of magic mapping.
The quasit closely misses you.
The quasit claws you but does no damage. x2
The ice beast closely misses you.
You feel better. The quasit bites you.
* * * LOW HITPOINT WARNING * * *
You feel clumsy.
The quasit barely misses you. x2; The ice beast barely misses you.
It was a potion of attraction.
You feel attractive to monsters.
The quasit bites you but does no damage.
The quasit barely misses you.
The quasit claws you but does no damage.
The quasit barely misses you.
The quasit claws you but does no damage.
The quasit closely misses you. The ice beast hits you.
* * * LOW HITPOINT WARNING * * *
The ice beast freezes you.
* * * LOW HITPOINT WARNING * * *
Your magical contamination has completely faded away.
Eustachio is attracted toward you.
Okay, then.
It was a potion of haste.
You feel yourself speed up.
The quasit bites you but does no damage.
The quasit claws you but does no damage.
The quasit misses you. The ice beast hits you.
* * * LOW HITPOINT WARNING * * *
The ice beast freezes you!
You die...

,,,*,,,,,,,,..,,......,,,,,+*****
,********,,,...**#...#***,,,,,,,,
,***,,,**,,,...###...####,******+
,,*,,,,*,,,,@.........☼☼#,,,*,,,,
,,*,,,,*,,,,.........○☼.+,,,+,,,,
,,+,,,,+,,,,..§.....☼○..#,,,*,,,,
***,,,***,,,...###.☼##'##,#***,,,
***,,,***###+#####5§##.##.##**,,,
,,,,,,,,,§§§§§§§@55§☼#.....#,,,,,
,,,,,,,,,○§○○§○☼☼Y@☼§§§☼...#,,,,,
,,,,,,,,,☼○☼☼§§☼§§§§○#○§...#,,,,,
,,,,,,,,,§○☼§○☼○§§§§§#.....#,,,,,
*,,**,***#########☼§########*,,,,
*,,*****,,,* *#+##**,,,*******
,,,,*,,,,,,* *,,,,,,,,,,,*
,,,,*,,,,,,* *,,,,,,,,,,,*
,,,,*,,,,,,* *,,,,,,,,,,,*


You could see Eustachio, an ice beast, an iron imp (summoned), a quasit
(summoned) and a white imp (summoned).

Vanquished Creatures
  An orc wizard (D:3)
  3 adders (D:3)
  4 gnolls
  2 worms (D:3)
  2 dart slugs
  3 orcs (D:3)
  A bat (D:1)
  2 endoplasms
  2 giant cockroaches (D:1)
  8 goblins
  2 hobgoblins
  4 quokkas
  2 ball pythons
  3 frilled lizards
  4 kobolds
  6 rats
49 creatures vanquished.

Vanquished Creatures (collateral kills)
  A quokka (D:1)
1 creature vanquished.

Grand Total: 50 creatures vanquished

Notes
Turn   | Place    | Note
-------+----------+-------------------------------------------
     0 | D:1      | Goaboa the Demonspawn Necromancer began the quest for the
                  | Orb.
     0 | D:1      | Reached XP level 1. HP: 13/13 MP: 3/3
   346 | D:2      | Found a burning altar of Makhleb.
   355 | D:2      | Became a worshipper of Makhleb the Destroyer
   358 | D:2      | Gained mutation: You have a pair of small horns on your
                  | head. [demonic ancestry]
   358 | D:2      | Reached XP level 2. HP: 20/20 MP: 3/5
  1083 | D:2      | Reached skill level 1 in Fighting
  1248 | D:1      | Gained mutation: You sometimes gain a little power by
                  | taking damage. [demonic ancestry]
  1248 | D:1      | Reached XP level 3. HP: 26/26 MP: 0/6
  1655 | D:1      | Found a faded altar of an unknown god.
  2466 | D:3      | Reached XP level 4. HP: 33/33 MP: 3/7
  2470 | D:3      | Learned a level 3 spell: Vampiric Draining
  2475 | D:3      | Learned a level 4 spell: Animate Dead
  2579 | D:3      | Reached * piety under Makhleb
  2580 | D:3      | Reached skill level 5 in Necromancy
  3434 | D:3      | Gained mutation: You are partially covered in molten
                  | scales. (AC +2) [demonic ancestry]
  3434 | D:3      | Reached XP level 5. HP: 38/38 MP: 5/9
  3768 | D:5      | Entered Level 5 of the Dungeon
  3785 | D:5      | Noticed Eustachio
  3787 | D:5      | Noticed Grinder
  3790 | D:5      | Paralysed by Grinder for 3 turns
  3797 | D:5      | Identified a scroll of acquirement
  3800 | D:5      | Noticed an ice beast
  3807 | D:5      | HP: 1/38 [ice beast (2)]
  3807 | D:5      | Mangled by an ice beast

Illustrated notes

Levels and vault maps discovered:
D:1:      dpeg_arrival_tiny_c, layout_rooms, basic_ecumenical_altar,
          nicolae_kite_square_tiling_tiny, minmay_statues_item
D:2:      layout_basic, basic_altar, skrybe_limestone_x
D:3:      layout_basic, supply_closet_lemuel, hangedman_decor_push,
          minmay_ruptured
D:4:      layout_loops_cross, temple_fountains, kennysheep_small_spiral,
          minmay_fountain_box, st_stairs_4, minmay_misc_feat_columns
D:5:      layout_gridville, minivault_11, nicolae_underground_beach,
          uniq_grinder, uniq_prince_ribbit1, uniq_edmund, uniq_eustachio

Skill      XL: |  1  2  3  4 |
---------------+-------------+-----
Dodging        | 2 |  2.8
Fighting       | 1 2 |  2.1
Necromancy     | 5 |  5.3
Stealth        | |  1.7
Spellcasting   | |  2.8

Action                   |  1- 3 |  4- 6 || total
-------------------------+-------+-------++-------
Melee: Dagger            |    15 |     4 ||    19
       Headbutt          |     1 |       ||     1
Throw: Dart              |    15 |    29 ||    44
 Cast: Necrotise         |    58 |    36 ||    94
       Vampiric Draining |       |     1 ||     1
  Use: Potion            |     1 |     4 ||     5
       Scroll            |       |     7 ||     7
Armor: Robe              |     5 |    13 ||    18
Dodge: Dodged            |    28 |    27 ||    55
